 Dungeon Crawl Stone Soup version 0.29.0-11-gd7f09526c8 (webtiles) character file.

Game seed: 14044545479171297911

21 fingers the Covered (level 2, 0/19 HPs)
             Began as a Gargoyle Fighter on Sept 2, 2022.
             Slain by a goblin
             ... wielding a +0 dagger
              (1 damage)
             ... on level 2 of the Dungeon.
             The game lasted 00:02:17 (1283 turns).

fingers the Covered (Gargoyle Fighter)              Turns: 1283, Time: 00:02:18

Health: 0/19       AC:  9    Str: 19    XL:     2   Next: 87%
Magic:  2/2        EV:  6    Int:  8    God:
Gold:   83         SH:  4    Dex:  9    Spells: 1/1 levels left

rFire   . . .      SeeInvis .   a - +0 flail
rCold   . . .      Faith    .   c - +0 buckler
rNeg    + . .      Spirit   .   b - +0 scale mail
rPois   ∞          Reflect  .   (no helmet)
rElec   +          Harm     .   (no cloak)
rCorr   .          Rampage  .   (no gloves)
Will    +....                   (no boots)
Stlth   ..........              (no amulet)
HPRegen 0.06/turn               i - ring of willpower
MPRegen 0.08/turn               (no ring)

@: constricted
A: sickness immunity, AC +2, negative energy resistance 1, electricity
resistance, torment resistance 1, petrification resistance
a: no special abilities


You were on level 2 of the Dungeon.
You visited 1 branch of the dungeon, and saw 2 of its levels.

You collected 83 gold pieces.

Inventory:

Hand Weapons
 a - a +0 flail (weapon)
Missiles
 m - 3 datura-tipped darts (quivered)
Armour
 b - a +0 scale mail (worn)
 c - a +0 buckler (worn)
Jewellery
 i - a ring of willpower (left hand)
Scrolls
 e - a scroll of teleportation {unknown}
 g - a scroll of vulnerability {unknown}
 h - a scroll of amnesia {unknown}
 k - a scroll of acquirement {unknown}
 l - 5 scrolls of identify {unknown}
 n - a scroll of butterflies {unknown}
 p - a scroll of blinking {unknown}
 q - a scroll of brand weapon {unknown}
Potions
 d - a potion of might
 f - 3 potions of curing {unknown}
 j - a potion of lignification {unknown}
 o - a potion of flight {unknown}


   Skills:
 + Level 3.5 Fighting
 + Level 2.2 Maces & Flails
 + Level 3.7 Armour
 + Level 3.5 Shields


You had one spell level left.
You didn't know any spells.
Your spell library was empty.

Dungeon Overview and Level Annotations

Branches:
Dungeon (2/15)

Altars:


Innate Abilities, Weirdness & Mutations

You are immune to sickness and miasma.
Your stone body is resilient. (AC +2)
You are immune to poison.
You resist negative energy. (rN+)
You are resistant to electric shocks. (rElec)
You are resistant to unholy torment.
You are immune to petrification.


Message History

The ball python constricts you.
You barely miss the ball python.
The goblin shouts!
The ball python bites you but does no damage.
The ball python constricts you. The goblin hits you but does no damage.
You closely miss the ball python.
The ball python bites you but does no damage.
The ball python constricts you. The goblin completely misses you.
The ball python bites you but does no damage.
The ball python constricts you.
You hit the ball python.
The ball python is moderately wounded.
The goblin hits you but does no damage.
The ball python bites you but does no damage.
The ball python constricts you. The goblin hits you but does no damage.
You closely miss the ball python.
The ball python is moderately wounded.
The ball python bites you but does no damage.
The ball python constricts you.
The ball python bites you but does no damage.
The ball python constricts you. The goblin hits you with a +0 club.
You barely miss the ball python.
The ball python is moderately wounded.
The ball python bites you but does no damage.
The ball python constricts you. The goblin barely misses you.
The ball python closely misses you. The ball python constricts you.
You hit the ball python.
The ball python is moderately wounded.
You block the goblin's attack. The goblin hits you with a +0 club.
* * * LOW HITPOINT WARNING * * *
The ball python barely misses you. The ball python constricts you.
You block the goblin's attack. The goblin hits you with a +0 club.
* * * LOW HITPOINT WARNING * * *
You miss the goblin. The ball python barely misses you.
The ball python constricts you.
The goblin hits you but does no damage. x2
The ball python bites you but does no damage.
The ball python constricts you.
You closely miss the goblin. The goblin closely misses you.
The goblin hits you with a +0 dagger.
You die...

#....# #.# #.# #.
#....# #.# #.# #.
###### #.# ..# ##
#######.######.##
##....^#......#.
##............... #
#................######
#.....S.......<.....#..
#...?.@...<...... #.#.#
#..?..gg.....>... #...#
#....?........... ##..#
#...............$ ##.#
##............... #.#
##.....##.....# ##.†
####..# ##### . #...
#..# ##. #.## #.. ##.##


You could see 2 goblins and a ball python.

Vanquished Creatures
  A dart slug (D:1)
  2 endoplasms
  A giant cockroach (D:2)
  A hobgoblin (D:2)
  3 kobolds
  6 ball pythons
  2 bats
  2 frilled lizards (D:2)
  A rat (D:1)
19 creatures vanquished.

Notes
Turn   | Place    | Note
-------+----------+-------------------------------------------
     0 | D:1      | fingers the Gargoyle Fighter began the quest for the Orb.
     0 | D:1      | Reached XP level 1. HP: 14/14 MP: 1/1
   544 | D:1      | Reached XP level 2. HP: 17/19 MP: 2/2
  1283 | D:2      | Slain by a goblin

Illustrated notes

Levels and vault maps discovered:
D:1:      amcnicky_arrival_feature_with_door, layout_basic
D:2:      layout_rooms, shapermc_ecumenical_altar_venn

Action                   || total
-------------------------++-------
Melee: Flail             ||    62
Armor: Scale mail        ||    49
Dodge: Dodged            ||    43
Block: Buckler           ||    12
